Sudoku, lawful female human Samurai ----------- |.........| M|....*....| e@....<....| .|.........| |.........| ----------- Sudoku the Kunoichi Experience level: 8 Strength: 18 Dexterity: 17 Constitution: 18 Intelligence: 8 Wisdom: 8 Charisma: 6 Health: 0(69) Energy: 30(30) AC: 4 Gold: 114 Moves: 1918 Your Inventory: Coins $ - 114 gold pieces Weapons a - an uncursed +0 katana (weapon in hand) b - an uncursed +3 wakizashi (alternate weapon; not wielded) c - an uncursed +0 yumi d - 36 uncursed +0 ya (in quiver) Armor e - an uncursed rustproof +0 splint mail (being worn) m - an [uncursed +0] dwarvish iron helm n - an [uncursed +0] dwarvish roundshield o - an [uncursed +0] pair of iron shoes Comestibles F - an [uncursed] orange Scrolls y - an [uncursed] scroll labeled EIRIS SAZUN IDISI [of create monster] A - an [uncursed] scroll labeled ZLORFIK [of remove curse] C - 2 [uncursed] scrolls of teleportation D - a [blessed] scroll labeled ASHPD [of destroy armor] G - an [uncursed] scroll labeled LOREN IPSUM [of identify] Potions B - an [uncursed] black potion [of acid] E - an [uncursed] emerald potion [of full healing] I - an [uncursed] magenta potion [of gain level] Tools p - an [uncursed frost] horn [0:5] q - 4 [uncursed tallow] candles u - an [uncursed] can of grease [0:22] v - an [uncursed] tin whistle x - an [uncursed wax] candle H - an [uncursed] credit card T - an [uncursed] blindfold Spells known in the end: Name Level Category Fail Memory a - confuse monster 2 enchantment 100% [||||||||] Your skills at the end: Fighting Skills martial arts [Basic / Master] Weapon Skills short sword [Basic / Expert] long sword [Skilled / Expert] bow [Basic / Expert] Spellcasting Skills Final Attributes: You were devoutly aligned. Hunger level was 384. Your alignment was 19 / 19. Monster difficulty range was 1 - 9. Level difficulty was 10. You were fast. Your luck was zero. You are dead. Vanquished creatures: a freezing sphere a quivering blob a giant spider a gnome king a jaguar a dust vortex a plains centaur 2 Mordor orcs 14 gnome lords 4 gnomish wizards a golden naga hatchling a dwarf 5 monkeys an orc zombie 3 hobbits 2 large kobolds 4 giant rats 67 gnomes 2 kobolds a goblin 3 sewer rats 4 grid bugs a lichen 3 kobold zombies a newt 126 creatures vanquished. Voluntary challenges: You were an atheist. You used a wielded weapon 149 times. You read items or engraved 2 times. You put on armor 1 time. You never genocided any monsters. You never polymorphed an object. You never changed form. You used no wishes. You never wrote Elbereth's name. You never encountered a bones level. You never used any Sokoban shortcuts. Dungeon overview: The Dungeons of Doom: levels 1 to 2 Level 1 a long staircase Level 2 stairs to The Gnomish Mines The Gnomish Mines: levels 3 to 10 Level 3 stairs to The Dungeons of Doom Level 6 a lighting shop, a temple, a magic chest, some fountains, a sink Level 10 <- You were here History has recorded: On T:1 you entered the Dungeons of Doom to retrieve the Amulet of Yendor! On T:54 you reached level 2 of The Dungeons of Doom. On T:181 you advanced to experience level 2. On T:231 you reached level 1 of The Gnomish Mines. On T:244 you advanced to experience level 3. On T:248 you advanced to experience level 4. On T:282 you advanced to experience level 5. On T:462 you reached level 2 of The Gnomish Mines. On T:496 you advanced to experience level 6. On T:657 you reached level 3 of The Gnomish Mines. On T:866 you reached level 4 of The Gnomish Mines. On T:957 you advanced to experience level 7. On T:1200 you reached level 5 of The Gnomish Mines. On T:1314 you advanced to experience level 8. On T:1390 you reached level 6 of The Gnomish Mines. On T:1534 you reached level 8 of The Gnomish Mines. On T:1538 you reached level 7 of The Gnomish Mines. Latest messages: The plains centaur kicks! You hit the plains centaur! You kill the plains centaur! You hit the orc zombie! The orc zombie hits! You destroy the orc zombie! There are several objects here. Blecch! Rotten food! You finish eating the plains centaur corpse. [9 turns] You see here a very rotten gnome corpse. You hear a door open. (2x) You find a secret door. The door opens. You hit the floating eye! You are frozen by the floating eye's gaze! The freezing sphere explodes! You duck some of the blast. The kobold mummy hits! (11x) You die... Final status: Sayonara Sudoku the Samurai... You died in The Gnomish Mines on dungeon level 10 with 3977 points, and 114 pieces of gold, after 1918 moves. You were level 8 with a maximum of 69 hit points when you died.